[Event "Fast Chess"]
[Site "ChessKid.com"]
[Date "2020.04.11"]
[Round "2"]
[White "Li, Patrick"]
[Black "Li, Tobias"]
[Result "0-1"]
[ECO "C50"]
[WhiteElo "1010"]
[BlackElo "1253"]
[PlyCount "100"]
[EventDate "2020.??.??"]
[TimeControl "300+10"]
[WhiteClock "0:02:37"]
[BlackClock "0:01:06"]

1. e4 e5 2. Nf3 Nc6 3. Nc3 Nf6 4. Bc4 h6 5. O-O Bc5 6. h3 O-O 7. d3 d6 8. Bb5 Bd7 9. Bxc6 Bxc6 10. d4 Bb6 11. dxe5 dxe5 12. Nxe5 Qxd1 13. Rxd1 Nxe4 14. Nxe4 Bxe4 15. c3 Rfe8 16. Nf3 Bxf3 17. gxf3 Rad8 18. Rxd8 Rxd8 19. Be3 Bxe3 20. fxe3 Rd3 21. Re1 Rd2 22. Kf1 Rxb2 23. Rd1 Rc2 24. Rd7 Rxc3 25. f4 b6 26. Rd8+ Kh7 27. Ra8 a5 28. Rc8 Rc2 29. Kg1 Rc3 30. Re8 Ra3 31. Re7 Rxa2 32. Rxf7 Rc2 33. h4 Kg6 34. Rd7 Kh5 35. Rd5+ Kxh4 36. Rd8 Kg3 37. Kf1 Kf3 38. Kg1 g5 39. fxg5 hxg5 40. Rd3 g4 41. Rd1 Kxe3 42. Re1+ Kf3 43. Rf1+ Kg3 44. Rb1 b5 45. Kf1 Kf3 46. Ke1 g3 47. Rxb5 g2 48. Rg5 Ke3 49. Re5+ Kf4 50. Re2 g1=Q# {[%emt 0:00:13]
OnlyHungryKiwi won by checkmate} 0-1

[Event "Fast Chess"]
[Site "ChessKid.com"]
[Date "2020.04.11"]
[Round "3"]
[White "Dai, Lana"]
[Black "Li, Tobias"]
[Result "1/2-1/2"]
[ECO "C50"]
[WhiteElo "1264"]
[BlackElo "1253"]
[PlyCount "120"]
[EventDate "2020.??.??"]
[TimeControl "300+10"]
[WhiteClock "0:00:02"]

1. e4 e5 2. Nc3 Nf6 3. Nf3 Nc6 4. Bc4 Bc5 5. d3 d6 6. h3 h6 7. a3 a6 8. O-O b5 9. Bd5 Bb7 10. b4 Bd4 11. Nxd4 exd4 12. Ne2 Rb8 13.
Bb2 Ne7 14. Bxb7 Rxb7 15. Bxd4 Nc6 16. a4 Nxd4 17. Nxd4 bxa4 18. Rxa4 O-O 19. Rxa6 Rxb4 20. Nc6 Qc8 21. Nxb4 c5 22. Rc6 Qb7 23. Rxd6 cxb4 24. e5 Ne8 25. Rd8 Qe7 26. Rd5 Qe6 27. Qf3 Nc7 28. Rc5 Na6 29. Rc6 Qa2 30. Qg4 Nb8 31. Rc4 b3 32. cxb3 Qxb3 33. e6 Qxd3 34. exf7+ Rxf7 35. Rc8+ Rf8 36. Rxf8+ Kxf8 37. Qc8+ Kf7 38. Qxb8 Qd7 39. Qf4+ Kg8 40. Re1 Qf7 41. Qxf7+ Kxf7 42. Ra1 Kg6 43. f4 Kh7 44. g4 g6 45. g5 hxg5 46. fxg5 Kg7 47. h4 Kf7 48. Ra7+ Kf8 49. h5 gxh5 50. g6 Kg8 51. g7 h4 52. Re7 h3 53. Rd7 h2+ 54. Kxh2 Kh7 55. Rf7 Kg6 56. Re7 Kf6 57. Rd7 Ke6 58.
Rc7 Kd6 59. Rb7 Kc6 60. Re7 Kd6 {[%emt 0:00:10] Game drawn -
timeout vs insufficient material} 1/2-1/2

[Event "Fast Chess"]
[Site "ChessKid.com"]
[Date "2020.04.11"]
[Round "3"]
[White "Li, Patrick"]
[Black "Sasse, Gabriel"]
[Result "0-1"]
[ECO "C55"]
[WhiteElo "1006"]
[BlackElo "1235"]
[PlyCount "48"]
[EventDate "2020.??.??"]
[TimeControl "300+10"]
[WhiteClock "0:04:07"]
[BlackClock "0:02:43"]

1. e4 e5 2. Nf3 Nc6 3. Nc3 Nf6 4. Bc4 h6 5. O-O Bc5 6. h3 O-O 7. Bb5 Ne8 8. Bxc6 dxc6 9. Nxe5 Qg5 10. d4 Bb6 11. Bxg5 hxg5 12. d5 cxd5 13. Nxd5 Nf6 14. Nxf6+ gxf6 15. Ng4 Bxg4 16. hxg4 Rad8 17. Qf3 Bd4 18. Rfd1 Bxb2 19. Rxd8 Rxd8 20. Rb1 Bd4 21. Rxb7 a6 22. Rxc7 Be5 23. Re7 Rb8 24. Qf5 Rb1# {[%emt 0:00:12] LimeFarActor won by checkmate} 0-1

[Event "Fast Chess"]
[Site "ChessKid.com"]
[Date "2020.04.12"]
[Round "1"]
[White "Sasse, Gabriel"]
[Black "Georgiev, Maximilian"]
[Result "0-1"]
[ECO "C50"]
[WhiteElo "1234"]
[BlackElo "1337"]
[PlyCount "128"]
[EventDate "2020.??.??"]
[TimeControl "180"]
[WhiteClock "0:00:06"]
[BlackClock "0:00:01"]

1. e4 e5 2. Nf3 Nc6 3. Bc4 h6 4. h3 Nf6 5. Nc3 Bc5 6. O-O O-O 7. d3 a6 8. Ne1 Bd4 9. Qf3 Bxc3 10. bxc3 d6 11. Qg3 Nh5 12. Qf3 g6 13.
Qe3 Qg5 14. Qxg5 hxg5 15. Bxg5 Be6 16. Bxe6 fxe6 17. Bd2 d5 18. exd5 exd5 19. c4 dxc4 20. dxc4 b5 21. cxb5 axb5 22. Nf3 Ra4 23. Rab1 Rb8 24. Rbe1 Nd4 25. Nxd4 exd4 26. Re7 Rb7 27. Re6 Rxa2 28. Rxg6+ Kf7 29. Rh6 Ng7 30. Rh4 Rxc2 31. Rf4+ Kg8 32. Bb4 Kh7 33. Rxd4 Rb2 34. Bc3 Rb3 35. Rh4+ Kg8 36. Bxg7 Kxg7 37. Rg4+ Kh6 38. Re1 Rb6 39. Re5 Rb1+ 40. Kh2 b4 41. Rh4+ Kg6 42. Rhh5 Rf1 43. Reg5+ Kf6 44. Rg8 Rxf2 45. Rh6+ Kf7 46. Rxb6 cxb6 47. Rb8 Rf6 48. g4 b3 49. Rd8 b2 50. Rd1 Rf4 51. Rb1 Rb4 52. Kg3 Kg6 53.
Kf3 Kg5 54. Kg3 Rb3+ 55. Kh2 Kh4 56. Rd1 b1=Q 57. Rxb1 Rxb1 58. g5 Rb5 59. Kg2 Rxg5+ 60. Kh2 b5 61. Kh1 b4 62. Kh2 b3 63.
Kh1 b2 64. Kh2 Rc5 {[%emt 0:
00:03] TallSnazzyBall won on time} 0-1

[Event "Fast Chess"]
[Site "ChessKid.com"]
[Date "2020.04.12"]
[Round "1"]
[White "Li, Tobias"]
[Black "Li, Patrick"]
[Result "1-0"]
[ECO "C50"]
[WhiteElo "1261"]
[BlackElo "997"]
[PlyCount "59"]
[EventDate "2020.??.??"]
[TimeControl "180"]
[WhiteClock "0:00:04"]
[BlackClock "0:01:00"]

1. e4 e5 2. Nf3 Nc6 3. Nc3 Nf6 4. Bc4 h6 5. O-O Bc5 6. h3 d6 7. d3 Bb4 8. a3 Bxc3 9. bxc3 O-O 10. Re1 Na5 11. Bb3 Nxb3 12. cxb3 a6 13.
b4 Be6 14. c4 b5 15. cxb5 axb5 16. Be3 Qd7 17. Qd2 Bb3 18. Rab1 Qe6 19. Qc3 Ba4 20. Qxc7 Ne8 21. Qc3 Qa2 22. Qb2 Qe6 23. Qc3 Qg6 24. Bd2 d5 25. Nxe5 Qe6 26. exd5 Qxd5 27. Nc6 Nf6 28. Ne7+ Kh7 29. Nxd5 Rad8 30. Ne7 {[%emt 0:00:03] OnlyHungryKiwi won on time} 1-0

[Event "Fast Chess"]
[Site "ChessKid.com"]
[Date "2020.04.12"]
[Round "2"]
[White "Georgiev, Maximilian"]
[Black "Li, Tobias"]
[Result "0-1"]
[ECO "C78"]
[WhiteElo "1328"]
[BlackElo "1271"]
[PlyCount "116"]
[EventDate "2020.??.??"]
[TimeControl "180"]
[WhiteClock "0:00:35"]
[BlackClock "0:01:09"]

1. e4 e5 2. Nf3 Nc6 3. Bb5 Bc5 4. O-O a6 5. Ba4 Nf6 6. h3 O-O 7. Nc3 b5 8. Bb3 d6 9. d3 Re8 10. Bg5 h6 11. Bh4 Be6 12. Nd5 Bxd5 13.
Bxd5 Nb4 14. c3 Nbxd5 15. exd5 Qd7 16. Bxf6 gxf6 17. d4 exd4 18. cxd4 Ba7 19. Qd3 Kf8 20. Rfe1 Rxe1+ 21. Rxe1 Re8 22. Rxe8+ Kxe8 23. Qe4+ Qe7 24. Qxe7+ Kxe7 25. b3 c5 26. dxc5 Bxc5 27. a4 bxa4 28. bxa4 f5 29. Nh4 Kf6 30. g4 fxg4 31. hxg4 Kg5 32. Nf3+ Kxg4 33. Nh2+ Kf5 34. Kf1 Ke5 35. Ke2 Kxd5 36. Kf3 Ke5 37. Kg3 f5 38. f4+ Ke4 39. Nf3 Be3 40. Ng1 Bxg1 41. Kg2 Bb6 42. Kg3 h5 43. Kh4 Kxf4 44. Kxh5 Ke3 45. Kg5 f4 46. Kg4 f3 47. Kg3 Ke2 48. Kh2 f2 49. Kg2 f1=Q+ 50. Kg3 Qf2+ 51. Kg4 Qf3+ 52. Kg5 Be3+ 53. Kg6 Qf4 54. Kg7 Qf5 55. Kg8 Qf6 56. Kh7 Qg5 57. Kh8 Bd4+ 58. Kh7 Qg7# {[%emt 0:00:01] OnlyHungryKiwi won by
checkmate} 0-1

[Event "Fast Chess"]
[Site "ChessKid.com"]
[Date "2020.04.12"]
[Round "2"]
[White "Li, Patrick"]
[Black "Sasse, Gabriel"]
[Result "0-1"]
[ECO "C55"]
[WhiteElo "994"]
[BlackElo "1237"]
[PlyCount "104"]
[EventDate "2020.??.??"]
[TimeControl "180"]
[WhiteClock "0:00:15"]

1. e4 e5 2. Nf3 Nc6 3. Nc3 Nf6 4. Bc4 h6 5. O-O Bc5 6. h3 O-O 7. Bb5 Ne8 8. Bxc6 dxc6 9. Nxe5 Qf6 10. Ng4 Qg6 11. Ne5 Qg5 12. d4 Bd6 13. Bxg5 hxg5 14. Nf3 g4 15. hxg4 Bxg4 16. Nd2 Bxd1 17. Rfxd1 Nf6 18. e5 Bxe5 19. dxe5 Ng4 20. Re1 f6 21. exf6 Rxf6 22. Re4 Nxf2 23. Rae1 Nxe4 24. Rxe4 Rd8 25. Nc4 Rdf8 26.
Rh4 Rf1+ 27. Kh2 R1f2 28. Ne5 Rxc2 29. Nd7 Rd8 30. Nf6+ Kf7 31. Rg4 Kxf6 32. Ne4+ Kf5 33. Nf2 Rdd2 34. Rxg7 Rxf2 35. Rf7+ Ke4 36. Rxc7 Rxg2+ 37. Kh3 Rxb2 38. Rh7 Rxa2 39.
Rh4+ Kd5 40. Rh5+ Ke6 41. Rh6+ Kf7 42. Rh7+ Kg6 43. Rh4 Rh2+ 44. Kg3 Rxh4 45. Kxh4 Rd2 46. Kh3 b5 47. Kg3 a5 48. Kf3 a4 49. Ke3 Rd8 50. Kf3 a3 51. Kg3 a2 52. Kh3 a1=Q {[%emt 0:00:02] LimeFarActor won on time} 0-1

[Event "Fast Chess"]
[Site "ChessKid.com"]
[Date "2020.04.12"]
[Round "3"]
[White "Li, Tobias"]
[Black "Sasse, Gabriel"]
[Result "0-1"]
[ECO "C50"]
[WhiteElo "1263"]
[BlackElo "1246"]
[PlyCount "94"]
[EventDate "2020.??.??"]
[TimeControl "180"]
[WhiteClock "0:00:17"]
[BlackClock "0:00:03"]

1. e4 e5 2. Nf3 Nc6 3. Nc3 Nf6 4. Bc4 h6 5. O-O Bc5 6. d3 O-O 7. h3 d6 8. Re1 Ne8 9. Be3 Bxe3 10. Rxe3 Qf6 11. Qe2 Qg6 12. b3 Bxh3 13. Nh4 Qg5 14. Rxh3 Nd4 15. Qe3 Qxe3 16. fxe3 Nxc2 17. Rc1 Nb4 18. a3 Na6 19. Nf5 Nf6 20. Rg3 g6 21. Nxh6+ Kh7 22. Rh3 Ne8 23. Nxf7+ Kg7 24. b4 Rxf7 25. Bxf7 Kxf7 26. b5 Nb8 27. Rf3+ Kg7 28. Nd5 c6 29. bxc6 Nxc6 30. Nb4 Na5 31. Nd5 Nb3 32. Nc7 Nxc7 33. Rxc7+ Kh6 34. Rxb7 Nd2 35. Rh3+ Kg5 36. Rbh7 Rc8 37. Kf2 Rc2 38. Ke2 Nxe4+ 39. Kd1 Rxg2 40. dxe4 Ra2 41. Kc1 Rxa3 42. Rg3+ Kf6 43. Rh6 Kf7 44. Rhxg6 Ra1+ 45. Kb2 Re1 46. Rh3 Re2+ 47. Kc3 Re1 {[%emt 0:00:
01] LimeFarActor won on time} 0-1

[Event "Fast Chess"]
[Site "ChessKid.com"]
[Date "2020.04.12"]
[Round "3"]
[White "Li, Patrick"]
[Black "Georgiev, Maximilian"]
[Result "0-1"]
[ECO "C55"]
[WhiteElo "992"]
[BlackElo "1330"]
[PlyCount "48"]
[EventDate "2020.??.??"]
[TimeControl "180"]
[WhiteClock "0:01:25"]
[BlackClock "0:00:43"]

1. e4 e5 2. Nf3 Nc6 3. Nc3 Nf6 4. Bc4 h6 5. O-O Nxe4 6.
Bxf7+ Kxf7 7. Nxe4 d5 8. Ng3 Be7 9. Qe1 Bd6 10. h3 Rf8 11.
Nh4 Qxh4 12. Nf5 Bxf5 13. g3 Qxh3 14. a3 Be4 15. f3 Bxc2 16.
d3 Bxd3 17. Rf2 Qxg3+ 18. Rg2 Qxf3 19. Qd2 Qe4 20. Rf2+ Kg8 21. Rxf8+ Rxf8 22. b3 Rf1+ 23. Kh2 Qh1+ 24. Kg3 e4+ {[%emt 0:00:05] TallSnazzyBall won on time} 0-1

[Event "Fast Chess"]
[Site "ChessKid.com"]
[Date "2020.04.14"]
[Round "1"]
[White "Georgiev, Maximilian"]
[Black "Hlinka, Patrick"]
[Result "1-0"]
[ECO "C41"]
[WhiteElo "1363"]
[BlackElo "1086"]
[PlyCount "117"]
[EventDate "2020.??.??"]
[TimeControl "300+50"]
[WhiteClock "0:03:50"]
[BlackClock "0:06:14"]

1. e4 e5 2. Nf3 d6 3. Bc4 Bg4 4. Be2 Bxf3 5. Bxf3 c6 6. O-O d5 7. exd5 cxd5 8. d3 e4 9. dxe4 dxe4 10. Qxd8+ Kxd8 11. Bxe4 Kc8 12. Bf5+ Nd7 13. Rd1 g6 14. Bxd7+ Kc7 15. Nc3 Nf6 16. Nb5+ Kb6 17. Nc3 Nxd7 18. Rxd7 Bc5 19. Rxf7 Bb4 20. Bd2 Bxc3 21. Bxc3 Rhe8 22. h3 Rad8 23. Rf6+ Kc5 24. Rf7 Kc4 25. Rxh7 Re6 26. Rxb7 g5 27. Rxa7 Rd5 28. Ra4+ Kb5 29. Rb4+ Kc5 30. Ra4 g4 31. hxg4 Rh6 32. g3 Kb5 33. Rf4 Rg6 34. a4+ Ka6 35. a5 Rdg5 36. b4 Rxg4 37. Rxg4 Rxg4 38. Kg2 Rc4 39. Be1 Rc6 40. g4 Kb5 41. g5 Rg6 42. Bd2 Ka6 43.
c4 Re6 44. f4 Re2+ 45. Kf3 Rxd2 46. g6 Rd7 47. f5 Rg7 48. b5+ Kb7 49. a6+ Ka7 50. c5 Re7 51. b6+ Ka8 52. b7+ Ka7 53. c6 Rc7 54. f6 Rxc6 55.
f7 Rf6+ 56. Kg4 Rxg6+ 57. Kf5 Rg7 58. f8=Q Rc7 59. b8=Q# {[%emt 0:00:52] TallSnazzyBall
won by checkmate} 1-0

[Event "Fast Chess"]
[Site "ChessKid.com"]
[Date "2020.04.14"]
[Round "1"]
[White "Li, Patrick"]
[Black "Li, Tobias"]
[Result "1-0"]
[ECO "C50"]
[WhiteElo "1020"]
[BlackElo "1259"]
[PlyCount "97"]
[EventDate "2020.??.??"]
[TimeControl "300+50"]
[WhiteClock "0:03:19"]
[BlackClock "0:03:25"]

1. e4 e5 2. Nf3 Nc6 3. Nc3 Bc5 4. Bc4 h6 5. O-O Nf6 6. h3 O-O 7. Bb5 a6 8. Bc4 b5 9. Bd5 Nxd5 10. exd5 Nb4 11. Nxe5 d6 12. Ng4 Bb7 13. a3 Nxd5 14. Nxd5 Bxd5 15. d3 Be6 16. Ne3 Bxe3 17. Bxe3 Qf6 18. c3 Qg6 19. Qf3 Qxd3 20. Rfd1 Qg6 21. Qc6 Rfc8 22. Qf3 Re8 23. Rd4 Rab8 24. g3 Bxh3 25. Kh2 Be6 26. Re4 Bd5 27. Rxe8+ Rxe8 28. Qxd5 Qc2 29. Rc1 Qxb2 30. Qb7 Rxe3 31. Rf1 Re8 32. Qxc7 Qxa3 33. Rd1 Qb2 34. Rxd6 Qxf2+ 35. Kh3 Qf5+ 36. Kg2 Qc8 37. Qa7 Qxc3 38. Rd7 Qc6+ 39. Kh3 Qe6+ 40. Kh2 Qe2+ 41. Kh3 Qe6+ 42. Kh2 Rf8 43. Kg2 Kh7 44. Rb7 Qd5+ 45. Kh2 Qc6 46. Rxf7 Qe8 47. Rxg7+ Kh8 48. Rh7+ Kg8 49. Qg7# {[%emt 0:00:48]
WideClassyQuiz won by checkmate} 1-0

[Event "Fast Chess"]
[Site "ChessKid.com"]
[Date "2020.04.14"]
[Round "1"]
[White "Sasse, Gabriel"]
[Black "Hlinka, Patricia"]
[Result "1-0"]
[ECO "B01"]
[WhiteElo "1250"]
[BlackElo "948"]
[PlyCount "59"]
[EventDate "2020.??.??"]
[TimeControl "300+50"]
[WhiteClock "0:04:06"]
[BlackClock "0:04:44"]

1. e4 d5 2. exd5 g5 3. Nf3 f6 4. Be2 h5 5. h3 h4 6. O-O Bg7 7. b3 c5 8. dxc6 bxc6 9. Bb2 a5 10. Ne1 f5 11. Bf3 Ra7 12. Bxc6+ Nxc6 13. Nd3 Nb8 14. Bxg7 Rh7 15. Bd4 Rd7 16. Bc3 Ra7 17. Nc5 Ra8 18.
Qf3 Ra7 19. Re1 Rf7 20. Qh5 Nh6 21. Qxh6 Nd7 22. Nxd7 Bxd7 23. Qxg5 f4 24. Qxh4 Ra6 25. Be5 f3 26. gxf3 Rxf3 27. Bd4 Rxb3 28. cxb3 Ra8 29. Qg5 Rc8 30. Qg8# {[%emt 0:00:47] LimeFarActor won by checkmate}
1-0

[Event "Fast Chess"]
[Site "ChessKid.com"]
[Date "2020.04.14"]
[Round "2"]
[White "Li, Patrick"]
[Black "Georgiev, Maximilian"]
[Result "0-1"]
[ECO "B01"]
[WhiteElo "1018"]
[BlackElo "1365"]
[PlyCount "54"]
[EventDate "2020.??.??"]
[TimeControl "300+50"]
[WhiteClock "0:05:33"]
[BlackClock "0:03:53"]

1. e4 d5 2. f3 dxe4 3. fxe4 Nc6 4. Nf3 Nf6 5. Nc3 Bg4 6. d3 e6 7. Bf4 Bb4 8. a3 Ba5 9. b4 Bb6 10. b5 Bd4 11. bxc6 Bxc3+ 12. Ke2 Bxa1 13. Qxa1 bxc6 14. Bg5 O-O 15. Bxf6 gxf6 16. h3 Bh5 17. Kf2 f5 18. exf5 exf5 19. h4 Qd6 20. Ng5 Qc5+ 21. Kg3 f4+ 22. Kxf4 f6 23. Ne6 Qe7 24. Nxf8 Qxf8 25. Kf5 Qc5+ 26. Kf4 Qf2+ 27. Ke4 Bg6# {[%emt 0:
00:48] TallSnazzyBall won by checkmate} 0-1

[Event "Fast Chess"]
[Site "ChessKid.com"]
[Date "2020.04.14"]
[Round "2"]
[White "Li, Tobias"]
[Black "Sasse, Gabriel"]
[Result "0-1"]
[ECO "C50"]
[WhiteElo "1251"]
[BlackElo "1259"]
[PlyCount "37"]
[EventDate "2020.??.??"]
[TimeControl "300+50"]
[WhiteClock "0:05:36"]
[BlackClock "0:04:48"]

1. e4 e5 2. Nf3 Nc6 3. Nc3 Nf6 4. Bc4 h6 5. d3 Bc5 6. h3 d6 7. O-O O-O 8. Bxh6 gxh6 9. Nh4 Ne8 10. Qd2 Qxh4 11. Rae1 Kh8 12. g3 Qxh3 13. Qe2 d5 14. exd5 Nb4 15. Qf3 Bg4 16. Qg2 Qh5 17. Qh2 Qf5 18. Qxh6+ Kg8 19. Qf4 {[%emt 0:01:00]
LimeFarActor won by resignation} 0-1

[Event "Fast Chess"]
[Site "ChessKid.com"]
[Date "2020.04.14"]
[Round "3"]
[White "Georgiev, Maximilian"]
[Black "Sasse, Gabriel"]
[Result "1-0"]
[ECO "C57"]
[WhiteElo "1371"]
[BlackElo "1254"]
[PlyCount "121"]
[EventDate "2020.??.??"]
[TimeControl "300+50"]
[WhiteClock "0:05:32"]
[BlackClock "0:05:58"]

1. e4 e5 2. Nf3 Nc6 3. Bc4 Nf6 4. Ng5 Bc5 5. Nxf7 Qe7 6.
Nxh8 d6 7. Nc3 Ng4 8. O-O Nxf2 9. Rxf2 Bxf2+ 10. Kxf2 Qf6+ 11. Kg1 Nd4 12. d3 Qh4 13. g3 Qh3 14. Be3 Bg4 15. Qc1 Bf3 16. Qd2 Nc6 17. Nd5 Kd7 18. Qf2 Bg4 19. Qf7+ Ne7 20. Qxe7+ Kc6 21. Qf7 Rxh8 22. Qf1 Qh5 23. Nb4+ Kd7 24. Re1 Ke7 25. d4 Rf8 26. Qd3 exd4 27. Bxd4 Rf3 28. Qd2 Rf8 29. e5 dxe5 30. Rxe5+ Qxe5 31. Bxe5 Ke8 32. Bxg7 Rf3 33. Qe2+ Kd8 34. Qe1 Rf5 35. Be6 Rg5 36. Bxg4 Rxg4 37. Qd1+ Ke7 38. Qxg4 Kf7 39. Bd4 c5 40. Bxc5 b6 41. Bd6 a5 42. Nc6 b5 43. Qf5+ Kg7 44. Be5+ Kh6 45. Bf4+ Kg7 46. Qg5+ Kf7 47. Ne5+ Ke6 48. Qg4+ Kf6 49. Nd7+ Ke7 50. Nc5 Kf6 51. Qg5+ Kf7 52. Kf2 h6 53. Qxh6 a4 54. Ke3 a3 55. bxa3 b4 56. axb4 Ke7 57. Ke4 Kf7 58. Ke5 Ke8 59. Qh7 Kd8 60. Ke6 Kc8 61. Qd7# {
[%emt 0:00:47] TallSnazzyBall won by checkmate} 1-0

[Event "Fast Chess"]
[Site "ChessKid.com"]
[Date "2020.04.14"]
[Round "3"]
[White "Hlinka, Patrick"]
[Black "Li, Patrick"]
[Result "1-0"]
[ECO "C24"]
[WhiteElo "1098"]
[BlackElo "1012"]
[PlyCount "93"]
[EventDate "2020.??.??"]
[TimeControl "300+50"]
[WhiteClock "0:04:11"]
[BlackClock "0:04:42"]

1. e4 e5 2. Bc4 Nf6 3. d3 Nc6 4. Bg5 Bb4+ 5. c3 Bc5 6. Bxf6 Qxf6 7. Nh3 d6 8. Rf1 Bxh3 9. gxh3 O-O 10. f4 Qh4+ 11. Kd2 Qxh3 12. fxe5 Nxe5 13. Rf5 Nf3+ 14. Rxf3 Qxh2+ 15. Qe2 Qxe2+ 16.
Kxe2 h6 17. d4 g6 18. dxc5 dxc5 19. b4 cxb4 20. cxb4 Rfd8 21. Rxf7 Rd4 22. Na3 a6 23. Rd7+ Kf8 24. Rxd4 b5 25. Bd5 Rd8 26. Rf1+ Kg7 27. Ke3 c6 28. Bg8 Rxg8 29. e5 Rf8 30. Rxf8 Kxf8 31. Re4 g5 32. e6 Ke8 33. Rg4 Ke7 34. Re4 h5 35. Re5 g4 36. Rxh5 Kxe6 37. Nc2 g3 38.
Rh1 g2 39. Rg1 c5 40. bxc5 b4 41. Nxb4 a5 42. Na6 Kf5 43. Rxg2 Ke5 44. c6 Kd5 45. c7 Kd6 46. c8=Q Kd5 47. Rg4 {[%emt 0:00:47] GoldMusicalTaxi won by resignation}
1-0

[Event "Fast Chess"]
[Site "ChessKid.com"]
[Date "2020.04.15"]
[Round "1"]
[White "Georgiev, Maximilian"]
[Black "Gross, Lukas"]
[Result "0-1"]
[ECO "B06"]
[WhiteElo "1365"]
[BlackElo "1145"]
[PlyCount "50"]
[EventDate "2020.??.??"]
[TimeControl "900"]
[WhiteClock "0:12:54"]
[BlackClock "0:13:37"]

1. e4 g6 2. Nf3 Bg7 3. Be2 Nh6 4. O-O O-O 5. Nc3 e6 6. d3 c6 7. a4 d5 8. exd5 cxd5 9. Be3 d4 10. Bd2 dxc3 11. bxc3 a6 12. a5 b5 13. c4 bxc4 14. dxc4 Bxa1 15. Qxa1 Nf5 16. Qe5 Nc6 17. Qc3 Nfd4 18. Nxd4 Nxd4 19. Bd3 e5 20. Re1 f6 21. Be4 Rb8 22. Be3 Bb7 23. Bd3 Qc8 24. Bh6 Qc6 25. Bxf8 Qxg2# {[%emt 0:00:03]
RosyPopularArm won by checkmate} 0-1

[Event "Fast Chess"]
[Site "ChessKid.com"]
[Date "2020.04.15"]
[Round "1"]
[White "Hlinka, Patrick"]
[Black "Li, Tobias"]
[Result "0-1"]
[ECO "C20"]
[WhiteElo "1094"]
[BlackElo "1258"]
[PlyCount "60"]
[EventDate "2020.??.??"]
[TimeControl "900"]
[WhiteClock "0:11:56"]
[BlackClock "0:10:46"]

1. e4 e5 2. Bc4 Nc6 3. Qh5 g6 4. Qf3 Nf6 5. d3 Nd4 6. Qd1 Be7 7. Bg5 O-O 8. c3 Nc6 9. Bxf6 Bxf6 10. Nf3 Re8 11. d4 d6 12. d5 Na5 13.
Bb5 c6 14. dxc6 bxc6 15. Ba4 Bd7 16. b4 Nb7 17. O-O d5 18.
exd5 cxd5 19. Qxd5 Bxa4 20. Qxb7 Re7 21. Qa6 Be8 22. Qxf6 Rd7 23. Qc6 Rd1 24. Qe4 Bb5 25. Rxd1 Qxd1+ 26. Ne1 Be2 27. Qxa8+ Kg7 28. Nd2 Qxa1 29. Qxa7 Qxe1+ 30. Nf1 Qxf1# {[%emt 0:00:05]
OnlyHungryKiwi won by checkmate} 0-1

[Event "Fast Chess"]
[Site "ChessKid.com"]
[Date "2020.04.15"]
[Round "1"]
[White "Sasse, Gabriel"]
[Black "Li, Patrick"]
[Result "1-0"]
[ECO "C55"]
[WhiteElo "1238"]
[BlackElo "995"]
[PlyCount "39"]
[EventDate "2020.??.??"]
[TimeControl "900"]
[WhiteClock "0:12:17"]
[BlackClock "0:14:10"]

1. e4 e5 2. Nf3 Nc6 3. Bc4 h6 4. Nc3 Nf6 5. h3 Bc5 6. Nxe5 Nxe5 7. d4 Nxc4 8. dxc5 O-O 9. O-O Re8 10. Qf3 a6 11. Qg3 Nxe4 12. Nxe4 Rxe4 13. Bxh6 g6 14. Bg5 Qf8 15. Rae1 Rxe1 16. Rxe1 Nxb2 17. Qh4 Qxc5 18. Bf6 Qh5 19. Re8+ Kh7 20. Rh8# {[%emt 0:00:02] LimeFarActor won by checkmate}
1-0

[Event "Fast Chess"]
[Site "ChessKid.com"]
[Date "2020.04.15"]
[Round "1"]
[White "Hlinka, Patricia"]
[Black "Rosenkranz, Benjamin"]
[Result "0-1"]
[ECO "D00"]
[WhiteElo "956"]
[BlackElo "1140"]
[PlyCount "54"]
[EventDate "2020.??.??"]
[TimeControl "900"]
[WhiteClock "0:11:30"]
[BlackClock "0:12:38"]

1. d4 d5 2. c3 Nc6 3. e3 Be6 4. Nf3 Bg4 5. a4 Nf6 6. h3 Bd7 7. a5 a6 8. Na3 e6 9. b4 Bd6 10. Rg1 O-O 11. Rb1 Qe7 12. Qc2 g6 13. Kd1 e5 14. dxe5 Nxe5 15.
Nxe5 Bxe5 16. Rb3 Bd6 17. Nb1 Be6 18. Rb2 b6 19. axb6 cxb6 20.
Ra2 b5 21. g4 Bh2 22. Rh1 Bd6 23. Rg1 Ne4 24. Qb2 Be5 25. h4 Bxc3 26. Qc2 f5 27. gxf5 Bxf5 {[%emt 0:00:03] FineBeamingStage won by
resignation} 0-1

[Event "Fast Chess"]
[Site "ChessKid.com"]
[Date "2020.04.15"]
[Round "2"]
[White "Li, Tobias"]
[Black "Gross, Lukas"]
[Result "0-1"]
[ECO "B06"]
[WhiteElo "1248"]
[BlackElo "1156"]
[PlyCount "46"]
[EventDate "2020.??.??"]
[TimeControl "900"]
[WhiteClock "0:12:33"]
[BlackClock "0:11:23"]

1. e4 g6 2. Nf3 Bg7 3. Nc3 Nh6 4. Bc4 O-O 5. O-O e6 6. d4 c6 7. Bxh6 Bxh6 8. Bb3 d5 9. exd5 cxd5 10. Re1 Na6 11. h4 Bg7 12. Ne5 Bxe5 13.
dxe5 Nc7 14. Ba4 a6 15. Qd2 b5 16. Bb3 b4 17. Ne2 a5 18. a3 bxa3 19. bxa3 Bb7 20. Red1 Qd7 21. Nc3 Qc6 22. a4 d4 23. Ne2 Qxg2# {[%emt 0:00:04] RosyPopularArm won by checkmate} 0-1

[Event "Fast Chess"]
[Site "ChessKid.com"]
[Date "2020.04.15"]
[Round "2"]
[White "Rosenkranz, Benjamin"]
[Black "Sasse, Gabriel"]
[Result "1-0"]
[ECO "C55"]
[WhiteElo "1151"]
[BlackElo "1228"]
[PlyCount "143"]
[EventDate "2020.??.??"]
[TimeControl "900"]
[WhiteClock "0:10:21"]
[BlackClock "0:08:13"]

1. e4 e5 2. Nf3 Nc6 3. Nc3 Nf6 4. Bc4 h6 5. d4 exd4 6.
Nxd4 Nxd4 7. Qxd4 Ng4 8. Be3 Nxe3 9. Qxe3 b6 10. Qf3 Qe7 11.
Nd5 Qe6 12. b3 Qg6 13. Nxc7+ Kd8 14. Nxa8 Bb4+ 15. Kd1 Qd6+ 16.
Bd3 Ba6 17. Re1 Bxe1 18. Kxe1 Bxd3 19. cxd3 Qc6 20. e5 Qc3+ 21. Ke2 Qxa1 22. Ke3 Qxa2 23. Qb7 Ke7 24. Nc7 Qxb3 25. Qa6 Qb2 26. d4 Qc3+ 27. Ke4 Qxc7 28. f3 Qc6+ 29. d5 Qc2+ 30. Kd4 Qxg2 31. f4 f6 32. Qa3+ Kf7 33. exf6 Kxf6 34. Qd6+ Kf7 35. f5 Qg4+ 36. Ke5 Qh3 37. Qxd7+ Kg8 38. Ke6 Qe3+ 39. Kd6 Qa3+ 40. Kc7 Qc3+ 41. Kb7 Qh3 42. Qd8+ Kh7 43. Qd7 Rf8 44. Qa4 Qxf5 45. d6 Qd7+ 46. Qxd7 Kg6 47. Qe7 Rf7 48. Qxf7+ Kxf7 49. d7 Ke7 50. Kc7 g5 51. d8=Q+ Ke6 52. Qh8 a5 53. Qxh6+ Kd5 54. Qxb6 Ke4 55. Qxa5 g4 56. Qg5 Kf3 57. Qh5 Kf4 58. h3 g3 59. Qg6 g2 60. Qxg2 Ke5 61.
Qg4 Kf6 62. Qh5 Ke6 63. Qa5 Kf6 64. h4 Kg7 65. h5 Kf6 66.
Kb7 Kg7 67. Qa6 Kh7 68. Qg6+ Kh8 69. Qe6 Kh7 70. h6 Kh8 71. Qd7 Kg8 72. Qg7# {[%emt 0:00:02]
FineBeamingStage won by checkmate} 1-0

[Event "Fast Chess"]
[Site "ChessKid.com"]
[Date "2020.04.15"]
[Round "2"]
[White "Li, Patrick"]
[Black "Georgiev, Maximilian"]
[Result "0-1"]
[ECO "B01"]
[WhiteElo "993"]
[BlackElo "1367"]
[PlyCount "64"]
[EventDate "2020.??.??"]
[TimeControl "900"]
[WhiteClock "0:12:56"]
[BlackClock "0:10:30"]

1. e4 d5 2. f3 Nc6 3. Nc3 Nf6 4. e5 Nxe5 5. Nb5 Bd7 6. Nc3 d4 7. Ne4 Nxe4 8. fxe4 Bg4 9. Be2 Bxe2 10. Qxe2 e6 11. Qb5+ Nd7 12. Qxb7 Be7 13. Qc6 O-O 14. Qc4 Ne5 15. Qe2 Nc6 16. d3 Nb4 17. a3 Nc6 18.
Qg4 Kh8 19. c3 Bh4+ 20. g3 Bf6 21. Nh3 dxc3 22. bxc3 Bxc3+ 23. Kf1 Bxa1 24. Ke2 Nd4+ 25. Kd2 Nb3+ 26. Kc2 Nxc1 27. Rxc1 Bf6 28. Kb3 Qxd3+ 29. Rc3 Qb5+ 30. Kc2 Bxc3 31. Kxc3 Qc5+ 32. Kb3 Rab8+ {[%emt 0:
00:04] TallSnazzyBall won by resignation} 0-1

[Event "Fast Chess"]
[Site "ChessKid.com"]
[Date "2020.04.15"]
[Round "2"]
[White "Hlinka, Patricia"]
[Black "Hlinka, Patrick"]
[Result "0-1"]
[ECO "A40"]
[WhiteElo "951"]
[BlackElo "1099"]
[PlyCount "44"]
[EventDate "2020.??.??"]
[TimeControl "900"]
[WhiteClock "0:13:27"]
[BlackClock "0:13:07"]

1. d4 e5 2. dxe5 Bc5 3. b3 f6 4. exf6 Qxf6 5. Qd2 Qxf2+ 6.
Kd1 Qxf1+ 7. Qe1 Qxg2 8. Nf3 Bf2 9. Qd2 Qxh1+ 10. Qe1 Bxe1 11. Nxe1 Qd5+ 12. Nd3 Qd4 13. e3 Qxa1 14. Bb2 Qxb1+ 15. Kd2 Nf6 16. Nc5 Qxb2 17. a4 d6 18. Nd3 Ne4+ 19. Ke2 Qc3 20. a5 Bg4+ 21. Kf1 Qd2 22. Nb4 Qf2# {[%emt 0:00:02] GoldMusicalTaxi won by checkmate} 0-1